 Dungeon Crawl Stone Soup version 0.31-a0-819-gf6de2f5ab6 (webtiles) character file.

Game seed: 17680664924714242879

809 qw the Skirmisher (level 7, 0/44 HPs)
             Began as a Gargoyle Hunter on Sept 23, 2023.
             Slain by a troll (7 damage)
             ... on level 6 of the Dungeon.
             The game lasted 00:01:53 (3831 turns).

qw the Skirmisher (Gargoyle Hunter)                 Turns: 3831, Time: 00:01:53

Health: 0/44       AC: 12    Str: 14    XL:     7   Next: 92%
Magic:  7/7        EV: 17    Int:  8    God:
Gold:   292        SH:  0    Dex: 15    Spells: 6/6 levels left

rFire   . . .        Y - +1 shortbow
rCold   . . .        (shield currently unavailable)
rNeg    + + +        l - +3 leather armour of Day {Drain rN+++ rCorr Int-2}
rPois   inf          (no helmet)
rElec   +            a - +0 cloak
rCorr   +            (no gloves)
SInv    .            (no boots)
Will    .....        (no amulet)
Stlth   ++           d - +5 ring of evasion
HPRegen 0.27/turn    (no ring)
MPRegen 0.10/turn

%: no passive effects
@: no status effects
A: sickness immunity, AC +4, negative energy resistance 1, electricity
resistance, torment resistance 1, petrification resistance
a: no special abilities


You were on level 6 of the Dungeon.
You visited 1 branch of the dungeon, and saw 6 of its levels.

You collected 292 gold pieces.


Innate Abilities, Weirdness & Mutations

You are immune to sickness and miasma.
Your stone body is resilient. (AC +4)
You are immune to poison.
You resist negative energy. (rN+)
You are resistant to electric shocks. (rElec)
You are resistant to unholy torment.
You are immune to petrification.


   Skills:
 - Level 5.5 Fighting
 + Level 8.0 Ranged Weapons
 - Level 1.1 Armour
 - Level 2.0 Dodging
 - Level 1.1 Stealth


You had 6 spell levels left.
You didn't know any spells.
Your spell library was empty.

Inventory:

Hand Weapons
 Y - a +1 shortbow (weapon)
Armour
 a - a +0 cloak (worn)
 l - the +3 leather armour of Day (worn) {Drain rN+++ rCorr Int-2}
   (You found it on level 2 of the Dungeon)

   Int-2:     It affects your intelligence (-2).
   rN+++:     It renders you almost immune to negative energy.
   rCorr:     It protects you from acid and corrosion.
   Drain:     It drains your maximum health when unequipped.
Jewellery
 d - a +5 ring of evasion (left hand)
Wands
 e - a wand of digging (8)
Scrolls
 c - 2 scrolls of identify
Potions
 b - a potion of heal wounds
 f - 6 potions of curing
 i - a potion of cancellation

Dungeon Overview and Level Annotations

Branches:
Dungeon (6/15)
 Temple: D:4-7

Altars:
Elyvilon
Qazlal
Uskayaw
Vehumet


Message History

You shoot an arrow. The arrow hits the troll.
The troll is moderately wounded.
You shoot an arrow. The arrow closely misses the troll.
The water moccasin closely misses you.
You shoot an arrow.
The arrow hits the troll but does no damage.
The troll is moderately wounded.
The water moccasin misses you. The troll barely misses you.
The troll claws you but does no damage. The troll misses you.
You shoot an arrow.
The arrow hits the troll but does no damage.
The troll is moderately wounded.
The water moccasin misses you. The water moccasin closely misses you.
The troll bites you but does no damage. The troll claws you. x2
You shoot an arrow. The arrow hits the troll!
The troll is heavily wounded.
The water moccasin misses you. The troll bites you. The troll misses you.
The troll barely misses you.
You shoot an arrow. The arrow hits the troll.
The troll is heavily wounded.
The water moccasin barely misses you. The troll bites you but does no damage.
The troll closely misses you. x2
The water moccasin bites you but does no damage.
You shoot an arrow. The arrow hits the troll.
The troll is heavily wounded.
The water moccasin bites you but does no damage.
The troll bites you! The troll closely misses you. The troll misses you.
You shoot an arrow. The arrow closely misses the troll.
The water moccasin bites you. The troll bites you! The troll misses you.
The troll claws you! The water moccasin bites you.
3829 ||| DRINKING 2 potions of heal wounds.
You feel much better. The water moccasin bites you.
The troll bites you but does no damage. The troll barely misses you.
The troll misses you.
You shoot an arrow. The arrow barely misses the troll.
The water moccasin barely misses you. The troll bites you but does no damage.
The troll claws you. x2; The water moccasin barely misses you.
You shoot an arrow. The arrow barely misses the troll.
The water moccasin bites you! The troll barely misses you. The troll claws you!
You die...

##.## #...#
#...# #...#
#...#
.#####[..######
.......T......#
....$..@S......
#<............#
####.#...#.####
# #...# # #...#
#...# #..$#
.....


You could see a troll and a water moccasin.

Vanquished Creatures
  Menkaure (D:5)
  An ogre (D:4)
  A scorpion (D:5)
  2 hounds
  4 orc priests
  A sleepcap (D:4)
  2 iguanas (D:5)
  2 orc wizards (D:3)
  4 gnolls
  6 adders
  A white imp (D:5)
  7 worms
  4 dart slugs
  19 orcs
  8 ball pythons
  6 endoplasms
  4 giant cockroaches
  10 goblins
  8 hobgoblins
  2 jackals (D:4)
  3 quokkas
  8 bats
  A frilled lizard (D:2)
  5 kobolds
  6 rats
116 creatures vanquished.

Notes
Turn   | Place    | Note
-------+----------+-------------------------------------------
     0 | D:1      | qw the Gargoyle Hunter began the quest for the Orb.
     0 | D:1      | Reached XP level 1. HP: 12/12 MP: 1/1
     0 | D:1      | 0 ||| qw: Version: 0.3-a-83-gcd0e7d8
     0 | D:1      | 0 ||| qw: Game counter: 1744
     0 | D:1      | 0 ||| qw: Melee chars always use a shield: true
     0 | D:1      | 0 ||| qw: God list: Okawaru
     0 | D:1      | 0 ||| qw: Allow faded altars: false
     0 | D:1      | 0 ||| qw: Do Orc after clearing Dungeon:15 true
     0 | D:1      | 0 ||| qw: Do second Lair branch before Depths: true
     0 | D:1      | 0 ||| qw: Lair rune preference: random
     0 | D:1      | 0 ||| qw: Goals: Normal
     0 | D:1      | 0 ||| PLANNING D:1-11
   133 | D:1      | Reached XP level 2. HP: 17/17 MP: 2/2
   209 | D:1      | Reached XP level 3. HP: 21/21 MP: 3/3
   217 | D:1      | Reached skill level 5 in Ranged Weapons
   468 | D:1      | 468 ||| UPGRADING to +0 ring mail.
   478 | D:1      | 478 ||| DROPPING +0 leather armour.
   479 | D:1      | 479 ||| READING scroll labelled HOYSAAMNIHARO.
   480 | D:1      | 480 ||| READING scroll labelled GADONTIFF.
   481 | D:1      | 481 ||| READING scroll labelled TAPPIO VUENOOM.
   482 | D:1      | 482 ||| DROPPING scroll of butterflies.
   580 | D:2      | Reached skill level 1 in Armour
   843 | D:2      | Reached XP level 4. HP: 20/27 MP: 4/4
   943 | D:2      | Reached skill level 3 in Fighting
  1060 | D:2      | Identified the +3 leather armour of Day {Drain rN+++ rCorr
                  | Int-2}
  1079 | D:2      | 1079 ||| UPGRADING to +0 cloak.
  1084 | D:2      | 1084 ||| UPGRADING to +3 leather armour of Day {Drain rN+++
                  | rCorr Int-2}.
  1094 | D:2      | 1094 ||| DROPPING +0 ring mail.
  1095 | D:2      | 1095 ||| READING scroll labelled XACSOPL CUTU.
  1096 | D:2      | 1096 ||| READING 2 scrolls labelled KEEBODY QAKHAO.
  1097 | D:2      | 1097 ||| READING scroll labelled UWNYKHL KOMEWU.
  1098 | D:2      | 1098 ||| READING scroll labelled EFFUAPT ETZYCS.
  1199 | D:2      | 1199 ||| READING 2 scrolls of identify.
  1199 | D:2      | 1199 ||| IDENTIFYING fizzy purple potion
  1200 | D:2      | 1200 ||| DROPPING scroll of vulnerability.
  1264 | D:3      | Reached XP level 5. HP: 24/32 MP: 5/5
  1485 | D:3      | Reached skill level 6 in Ranged Weapons
  1822 | D:3      | Reached XP level 6. HP: 38/38 MP: 6/6
  1824 | D:3      | Found a white marble altar of Elyvilon.
  1928 | D:3      | Found a faded altar of an unknown god.
  1979 | D:3      | 1979 ||| READING scroll labelled YCWYTACVUY.
  1984 | D:3      | 1984 ||| READING scroll labelled ANOMOZU EKYOHAEH.
  1985 | D:3      | 1985 ||| DRINKING 2 blue potions.
  2019 | D:3      | 2019 ||| READING 4 scrolls of identify.
  2019 | D:3      | 2019 ||| IDENTIFYING grey potion
  2020 | D:3      | 2020 ||| READING 3 scrolls of identify.
  2020 | D:3      | 2020 ||| IDENTIFYING smoky cyan potion
  2021 | D:3      | 2021 ||| DROPPING potion of lignification.
  2286 | D:4      | Found a stormy altar of Qazlal.
  2341 | D:4      | 2341 ||| FLEEEEING.
  2342 | D:4      | 2342 ||| FLEEEEING.
  2343 | D:4      | 2343 ||| FLEEEEING.
  2344 | D:4      | 2344 ||| FLEEEEING.
  2345 | D:4      | 2345 ||| FLEEEEING.
  2346 | D:4      | 2346 ||| FLEEEEING.
  2352 | D:4      | Reached skill level 7 in Ranged Weapons
  2418 | D:4      | HP: 4/38 [gnoll/+0 halberd (9)]
  2419 | D:4      | 2419 ||| READING scroll of teleportation.
  2420 | D:4      | 2420 ||| DRINKING potion of heal wounds.
  2565 | D:4      | Reached XP level 7. HP: 43/43 MP: 7/7
  2925 | D:4      | 2925 ||| READING 3 scrolls of identify.
  2925 | D:4      | 2925 ||| IDENTIFYING viscous black potion
  2926 | D:4      | 2926 ||| DROPPING potion of degeneration.
  2974 | D:5      | Entered Level 5 of the Dungeon
  3086 | D:5      | Found a hide-covered altar of Uskayaw.
  3241 | D:5      | Reached skill level 8 in Ranged Weapons
  3412 | D:5      | Found a radiant altar of Vehumet.
  3423 | D:5      | Identified the +0 scale mail of the Undertaker {rC+ Will-
                  | Str-4 Dex+7}
  3431 | D:5      | Noticed Menkaure
  3450 | D:5      | 3450 ||| FLEEEEING.
  3451 | D:5      | 3451 ||| FLEEEEING.
  3452 | D:5      | 3452 ||| FLEEEEING.
  3453 | D:5      | 3453 ||| FLEEEEING.
  3454 | D:5      | 3454 ||| FLEEEEING.
  3455 | D:5      | 3455 ||| FLEEEEING.
  3456 | D:5      | 3456 ||| FLEEEEING.
  3457 | D:5      | 3457 ||| FLEEEEING.
  3458 | D:5      | 3458 ||| FLEEEEING.
  3459 | D:5      | 3459 ||| FLEEEEING.
  3460 | D:5      | 3460 ||| FLEEEEING.
  3461 | D:5      | 3461 ||| FLEEEEING.
  3463 | D:5      | 3463 ||| FLEEEEING.
  3464 | D:5      | 3464 ||| FLEEEEING.
  3465 | D:5      | 3465 ||| FLEEEEING.
  3466 | D:5      | 3466 ||| FLEEEEING.
  3467 | D:5      | 3467 ||| FLEEEEING.
  3468 | D:5      | 3468 ||| FLEEEEING.
  3470 | D:5      | 3470 ||| FLEEEEING.
  3483 | D:5      | 3483 ||| FLEEEEING.
  3484 | D:5      | 3484 ||| FLEEEEING.
  3485 | D:5      | 3485 ||| FLEEEEING.
  3486 | D:5      | 3486 ||| FLEEEEING.
  3499 | D:5      | Killed Menkaure
  3500 | D:5      | 3500 ||| FLEEEEING.
  3793 | D:5      | 3793 ||| UPGRADING to +5 ring of evasion.
  3794 | D:5      | 3794 ||| READING 3 scrolls of identify.
  3794 | D:5      | 3794 ||| IDENTIFYING smoky puce potion
  3795 | D:5      | 3795 ||| DROPPING potion of brilliance.
  3819 | D:6      | Noticed a troll
  3828 | D:6      | HP: 5/44 [troll (8)]
  3828 | D:6      | HP: 2/44 [water moccasin (3)]
  3829 | D:6      | 3829 ||| DRINKING 2 potions of heal wounds.
  3831 | D:6      | Slain by a troll

Levels and vault maps discovered:
D:1:      orjb1_clovarrival, layout_basic, minmay_3d_cube
D:2:      minmay_diamond_boxcup, layout_basic
D:3:      layout_loops_ring, lemuel_coloured_pillars_altar,
          basic_ecumenical_altar
D:4:      layout_loops_cross, mainiacjoe_overflow_tiny_flanked
D:5:      layout_basic, mainiacjoe_overflow_24_doors, amcnicky_altar_gilded,
          uniq_menkaure
D:6:      layout_loops_cross, minmay_temple_entry_large_hall

Skill      XL: |  1  2  3  4  5  6  7 |
---------------+----------------------+-----
Ranged Weapons | 5 6 7 8 |  8.0
Armour         | 1 |  1.1
Fighting       | 3 4 5 |  5.5
Dodging        | 2 |  2.0
Stealth        | |  1.1

Action                     |  1- 3 |  4- 6 |  7- 9 || total
---------------------------+-------+-------+-------++-------
   Fire: Shortbow          |   111 |   229 |   116 ||   456
    Use: Scroll            |     3 |    10 |     2 ||    15
         Potion            |       |     2 |     1 ||     3
 Armour: Leather armour    |     5 |    66 |    52 ||   123
         Ring mail         |     7 |    16 |       ||    23
  Dodge: Dodged            |    17 |    58 |    43 ||   118

Table legend:
 A = Non-vault XP
 B = Vault XP
 C = Vault XP percentage of total XP
 D = Non-vault monster count
 E = Vault monster count
 F = Vault count percentage of total count
                 A         B        C        D         E       F
            +---------+---------+-------+---------+---------+-------
      Total |     943 |     213 |  18.4 |     104 |      12 |  10.3
            +---------+---------+-------+---------+---------+-------
        D:1 |      47 |       2 |   4.1 |      21 |       2 |   8.7
        D:2 |      37 |      39 |  51.3 |      17 |       9 |  34.6
        D:3 |     198 |       0 |   0.0 |      27 |       0 |   0.0
        D:4 |     383 |       0 |   0.0 |      28 |       0 |   0.0
        D:5 |     278 |     172 |  38.2 |      11 |       1 |   8.3
            +---------+---------+-------+---------+---------+-------
